 Dungeon Crawl Stone Soup version 0.24-a0-251-g44e327e (webtiles) character file.

Game seed: 2035350484112637793

40 TheEmptyUnknown the Skirmisher (level 3, -5/23 HPs)
             Began as a Gargoyle Berserker on Apr 16, 2019.
             Was a Follower of Trog.
             Slain by a gnoll
             ... wielding a +0 spear
              (6 damage)
             ... on level 3 of the Dungeon.
             The game lasted 00:02:07 (1828 turns).

TheEmptyUnknown the Skirmisher (Gargoyle Berserker) Turns: 1828, Time: 00:02:09

Health: -5/23      AC:  5    Str: 20    XL:     3   Next: 50%
Magic:  3/3        EV: 12    Int: 12    God:    Trog [*.....]
Gold:   76         SH:  0    Dex: 10    Spells: 2/2 levels left

rFire    . . .     SeeInvis .   a - +0 hand axe
rCold    . . .     Gourm    .   (no shield)
rNeg     + . .     Faith    .   b - +0 animal skin
rPois    ∞         Spirit   .   (no helmet)
rElec    +         Reflect  .   (no cloak)
rCorr    .         Harm     .   (no gloves)
MR       .....                  (no boots)
Stlth    +.........             (no amulet)
HPRegen  0.07/turn              (no ring)
MPRegen  0.08/turn              (no ring)

@: brilliant
A: negative energy resistance 1, electricity resistance, unbreathing,
petrification resistance, rot immunity, AC +3
a: Berserk, Renounce Religion


You were on level 3 of the Dungeon.
You worshipped Trog.
Trog was aware of your devotion.
You were full.

You visited 1 branch of the dungeon, and saw 3 of its levels.

You collected 76 gold pieces.

Inventory:

Hand Weapons
 a - a +0 hand axe (weapon)
Armour
 b - a +0 animal skin (worn)
Jewellery
 g - a +2 amulet of reflection {unknown}
 m - a cursed ring of teleportation {unknown}
Scrolls
 d - a scroll of immolation {unknown}
 e - a scroll of magic mapping {unknown}
 f - a scroll of identify {unknown}
 h - a scroll of remove curse {unknown}
 i - a scroll of enchant weapon {unknown}
 j - a scroll of teleportation {unknown}
 l - a scroll of random uselessness {unknown}
Potions
 n - a potion of berserk rage {unknown}
Comestibles
 c - 2 rations


   Skills:
 + Level 3.5 Fighting
 + Level 3.5 Axes
 + Level 2.3 Armour
 + Level 1.8 Dodging
 + Level 0.6 Stealth


You had 2 spell levels left.
You didn't know any spells.
Your spell library was empty.

Dungeon Overview and Level Annotations

Branches:
Dungeon (3/15)

Altars:
Ashenzari
Elyvilon
Nemelex Xobeh
Trog
Wu Jian
Xom
Yredelemnul


Innate Abilities, Weirdness & Mutations

You are resistant to torment.
Your stone body is resilient. (AC +3)
You are immune to poison.
You resist negative energy. (rN+)
You are resistant to electric shocks. (rElec)
You can survive without breathing.
You are immune to petrification.
You are immune to rotting.


Message History

The gnoll hits you from afar with a +0 spear.
The adder closely misses you. The gnoll barely misses you.
You barely miss the adder. The adder completely misses you.
The gnoll hits you from afar with a +0 spear.
* * * LOW HITPOINT WARNING * * *
You miss the adder. You hit the gnoll but do no damage.
The adder completely misses you.
The crimson imp blinks!
The gnoll barely misses you.
The gnoll hits you from afar with a +0 spear.
* * * LOW HITPOINT WARNING * * *
The adder bites you.
* * * LOW HITPOINT WARNING * * *
Okay, then.
It was a potion of brilliance.
You feel clever all of a sudden. The orc hits you with a +0 hand axe.
* * * LOW HITPOINT WARNING * * *
The gnoll barely misses you. The adder barely misses you.
The gnoll hits you from afar with a +0 spear.
You die...

#.....##...# #♣♣.♣
####.....##...##♣
♣♣♣
#..............>♣P♣
#.....##.........≈≈
#.....##...<....♣♣
#.....#####§..##♣
#.....# #†..#
#.....#####...#
######....g@..#
#....gSo.#
#....g...#
#........#
#.....?..#
..........#
..........#
..........#


You could see 3 gnolls, an adder and an orc.

Vanquished Creatures
  2 adders
  A worm (D:2)
  An orc (D:2)
  A ball python (D:2)
  A giant cockroach (D:2)
  A hobgoblin (D:3)
  A quokka (D:2)
  3 bats
  2 frilled lizards (D:2)
  A goblin (D:2)
  3 kobolds
  5 rats
22 creatures vanquished.

Notes
Turn   | Place    | Note
-------+----------+-------------------------------------------
     0 | D:1      | TheEmptyUnknown the Gargoyle Berserker began the quest for
                  | the Orb.
     0 | D:1      | Reached XP level 1. HP: 14/14 MP: 1/1
    35 | D:1      | You fall through a shaft!
    88 | D:2      | Found a white marble altar of Elyvilon.
   522 | D:2      | Reached XP level 2. HP: 19/19 MP: 2/2
   636 | D:2      | Found a burning altar of Makhleb.
   833 | D:2      | Found an ornate altar of the Wu Jian Council.
   974 | D:2      | Reached XP level 3. HP: 2/23 MP: 3/3
  1289 | D:2      | Found a bloodstained altar of Trog.
  1289 | D:2      | Found a shimmering altar of Xom.
  1291 | D:2      | Found a shattered altar of Ashenzari.
  1291 | D:2      | Found a basalt altar of Yredelemnul.
  1291 | D:2      | Found a sparkling altar of Nemelex Xobeh.
  1828 | D:3      | HP: 1/23 [orc/+0 hand axe (2)]
  1828 | D:3      | Slain by a gnoll

Levels and vault maps discovered:
D:1:      dpeg_arrival_three_same_balls, layout_basic, serial_bayou_pond_a,
          serial_park_tiny_2
D:2:      layout_basic, lemuel_round_altar, elyvilon_altar_4,
          doesnt_xom_only_xom
D:3:      lemuel_upstairs_altar, layout_basic, first_ration,
          serial_bayou_crossing, uniq_natasha

Skill      XL: |  1  2 |
---------------+-------+-----
Axes           | 3 |  3.5
Fighting       | |  3.5
Armour         | |  2.3
Dodging        | |  1.8
Stealth        | |  0.6

Action                   || total
-------------------------++-------
Melee: Hand axe          ||   129
Invok: Berserk           ||     1
  Use: Potion            ||     3
 Stab: Invisible         ||     2
  Eat: Ration            ||     2
       Chunk             ||     1
Armor: Animal skin       ||    43
Dodge: Dodged            ||    96

Table legend:
 A = Non-vault XP
 B = Vault XP
 C = Vault XP percentage of total XP
 D = Non-vault monster count
 E = Vault monster count
 F = Vault count percentage of total count
                 A         B        C        D         E       F
            +---------+---------+-------+---------+---------+-------
      Total |      58 |       0 |   0.0 |      22 |       0 |   0.0
            +---------+---------+-------+---------+---------+-------
        D:2 |      38 |       0 |   0.0 |      16 |       0 |   0.0
        D:3 |      20 |       0 |   0.0 |       6 |       0 |   0.0
            +---------+---------+-------+---------+---------+-------
